AoeStats
← opofis

Four Lakes

508408393Analyzed
1v1 RM · 9d ago on Sep 22, 2026· 22m 19s· 2 players
Game mode
Random Map
Map size
Tiny (2 player)
Population
200
Speed
Normal
Resources
Standard
Victory
Conquest
Starting age
Dark Age
Ending age
Imperial Age
RankedLock teamsTeams togetherTeam positionsShared explorationLock speedFull tech treeHidden civsTurbo modeCheats
Victory
Defeat
🇯🇵 Burgundians · Japan
828
+16
🇧🇾 Turks · Belarus
830
-16
Tkfm
9:42 Loom
10:35 Wheelbarrow
12:24 Feudal Age
11:58 Fishing Lines
12:07 Fishing Lines
12:21 Double-Bit Axe
13:44 Town Watch
14:14 Hand Cart
14:21 Bow Saw
14:45 Gillnets
20:18 Castle Age
18:29 Stone Mining
18:30 Gold Mining
18:23 Horse Collar
21:26 Town Patrol
21:42 Heavy Plow
22:44 Two-Man Saw
opofis
12:59 Feudal Age
15:25 Double-Bit Axe
20:19 Castle Age
18:30 Horse Collar
18:54 Padded Archer Armor
18:54 Gold Mining
18:55 Stone Mining
19:02 Stone Mining
20:35 Loom
21:11 Bow Saw
22:08 Leather Archer Armor
21:58 Heavy Plow
Connection lost

Rejoining the realm…

Still unreachable

The connection could not be restored.

Session expired

The server has moved on; the page needs a fresh start.